 Dungeon Crawl Stone Soup version 0.30.0-16-gbe6223bb7e (webtiles) character file.

Game seed: 7915173765790121481

2 bmack86 the Grave Robber (level 1, 0/14 HPs)
             Began as a Draconian Necromancer on May 21, 2023.
             Slain by a ball python (2 damage)
             ... on level 1 of the Dungeon.
             The game lasted 00:01:36 (61 turns).

bmack86 the Grave Robber (Draconian Necromancer)      Turns: 61, Time: 00:01:36

Health: 0/14       AC:  4    Str: 10    XL:     1   Next: 33%
Magic:  1/3        EV:  9    Int: 15    God:
Gold:   0          SH:  0    Dex: 11    Spells: 3/4 levels left

rFire   . . .        (no weapon)
rCold   . . .        (no shield)
rNeg    . . .        (body armour unavailable)
rPois   .            (helmet restricted)
rElec   .            (no cloak)
rCorr   .            (no gloves)
SInv    .            (no boots)
Will    .....        (no amulet)
Stlth   ++           (no ring)
HPRegen 0.22/turn    (no ring)
MPRegen 0.08/turn

%: no passive effects
@: constricted
A: AC +4, unfitting armour, cold-blooded
a: no special abilities


You were on level 1 of the Dungeon.
You visited 1 branch of the dungeon, and saw 1 of its levels.

You aren't carrying anything.


   Skills:
 + Level 1.8 Dodging
 - Level 1.7 Stealth
 * Level 2.1 Spellcasting
 + Level 4.0 Necromancy


You had 3 spell levels left.
You knew the following spells:

 Your Spells              Type           Power      Damage    Failure   Level
a - Necrotise             Necr           52%        1d6       4%          1

Your spell library contained the following spells:

 Spells                   Type           Power      Damage    Failure   Level
 Vampiric Draining        Necr           13%        2d6       13%         3
 Animate Dead             Necr           13%        N/A       38%         4
 Agony                    Necr           13%        N/A       75%         5


Dungeon Overview and Level Annotations

Branches:
Dungeon (1/15)

Altars:


Innate Abilities, Weirdness & Mutations

Your plain brown scales are hard. (AC +4)
You cannot fit into any form of body armour.
You are cold-blooded and may be slowed by cold attacks.


Message History

Press: ? - help, Shift-Dir - straight line, f/p - ball python
Aim: a ball python (constricting you, chance to affect: 83%)
The ball python writhes in agony.
The ball python closely misses you. The ball python constricts you.
Casting: Necrotise (safe; 4% risk of failure)
Confirm with . or Enter, or press ? or * to list all spells.
Aiming: Necrotise (safe; 4% risk of failure)
Press: ? - help, Shift-Dir - straight line, f/p - ball python
Aim: a ball python (moderately wounded, constricting you, chance to affect: 83%)
The ball python barely resists.
The ball python bites you.
* * * LOW HITPOINT WARNING * * *
The ball python constricts you.
You barely miss the ball python.
The ball python is moderately wounded.
The ball python closely misses you. The ball python constricts you.
The ball python bites you but does no damage.
The ball python constricts you.
You closely miss the ball python.
The ball python is moderately wounded.
The ball python bites you but does no damage.
The ball python constricts you.
You barely miss the ball python.
The ball python is moderately wounded.
The ball python bites you but does no damage.
The ball python constricts you.
You hit the ball python but do no damage.
The ball python is moderately wounded.
The ball python bites you.
* * * LOW HITPOINT WARNING * * *
The ball python constricts you.
You hit the ball python but do no damage.
The ball python is moderately wounded.
The ball python bites you but does no damage.
The ball python constricts you.
* * * LOW HITPOINT WARNING * * *
You hit the ball python.
You tail-slap the ball python, but do no damage.
The ball python is severely wounded.
The ball python bites you.
You die...

...# #.# #.#
#..... . #####
#.###.###.# .# ..
#>........##.##...
#.###.###.........
#.# #.# #.........
#.# ### #.........
..# #.$...h... #.#
###h##.#.... #..
#@Sh# .#.... ###
###B# .. .. ..# ..
).. .. ...## ##..
#.. ..


You could see 2 jackals, a giant cockroach and a ball python.

Vanquished Creatures
  A goblin (D:1)
  A jackal (D:1)
2 creatures vanquished.

Notes
Turn   | Place    | Note
-------+----------+-------------------------------------------
     0 | D:1      | bmack86 the Draconian Necromancer began the quest for the
                  | Orb.
     0 | D:1      | Reached XP level 1. HP: 14/14 MP: 3/3
    61 | D:1      | Slain by a ball python

Illustrated notes

Levels and vault maps discovered:
D:1:      evilmike_arrival_hilbert_curve, layout_basic,
          chequers_serial_rivers_micro_b

Action                     || total
---------------------------++-------
  Melee: Unarmed           ||    16
         Tailslap          ||     4
   Cast: Necrotise         ||     7
    Use: Potion            ||     1
 Armour: Skin              ||     8
  Dodge: Dodged            ||    14
